 Dungeon Crawl Stone Soup version 0.18-a0-596-g6468885 (webtiles) character file.

5009 Duffy the Vexing (level 10, -5/94 HPs)
             Began as a Naga Enchanter on Dec 3, 2015.
             Was a High Priest of Cheibriados.
             Slain by Gastronok (33 damage)
             ... on level 9 of the Dungeon.
             The game lasted 00:17:59 (11530 turns).

Duffy the Vexing (Naga Enchanter)                  Turns: 11530, Time: 00:18:00

Health: -5/94      AC:  8    Str: 30    XL:     10   Next: 54%
Magic:  5/13       EV: 15    Int: 28    God:    Cheibriados [*****.]
Gold:   394        SH:  0    Dex: 24    Spells: 3 memorised, 6 levels left

rFire  . . .     SeeInvis +     K - +0 glaive
rCold  . . .     Clarity  +     y - +2 robe {MR+}
rNeg   . . .     SustAt   .     (shield currently unavailable)
rPois  +         Gourm    .     k - +0 helmet
rElec  .         Spirit   .     r - +0 cloak
rCorr  .         Dismiss  .     (no gloves)
rMut   .         Stasis   .     (no barding)
MR     ++...                    v - amulet of clarity
Stlth  ++++......               (no ring)
                                (no ring)

@: mighty, slowed, very slow, very resistant to hostile enchantments, stealthy
A: see invisible, deformed body, poison resistance, slowness 2, slow metabolism
1, spit poison 2, AC +3
a: Spit Poison, Bend Time, Temporal Distortion, Slouch, Step From Time, Renounce
Religion


You were on level 9 of the Dungeon.
You worshipped Cheibriados.
Cheibriados was extremely pleased with you.
You were not hungry.

You visited 1 branch of the dungeon, and saw 9 of its levels.

You collected 442 gold pieces.
You spent 48 gold pieces at shops.


Innate Abilities, Weirdness & Mutations

You cannot wear boots.
Your serpentine skin is tough (AC +3).
You have supernaturally acute eyesight.
Armour fits poorly on your strangely shaped body.
Your system is resistant to poisons.
You cover ground very slowly.
You have a slow metabolism.
You can spit poison.


   Skills:
 - Level 7.4 Fighting
 - Level 2.8 Short Blades
 + Level 6.6 Polearms
 - Level 5.9 Dodging
 - Level 6.2 Stealth
 - Level 2.0 Spellcasting
 - Level 7.5 Hexes
 + Level 4.8 Invocations


You had 6 spell levels left.
You knew the following spells:

 Your Spells              Type           Power        Failure   Level  Hunger
a - Confuse               Hex            #####...     1%          3    ###....
r - Corona                Hex            #####..      1%          1    None
t - Tukima's Dance        Hex            #####...     1%          3    ###....

Inventory:

Hand Weapons
 a - a +1 dagger
 K - a +0 glaive (weapon)
Missiles
 A - a throwing net (quivered)
 I - 31 poisoned needles
Armour
 k - a +0 helmet (worn)
 q - a +0 shield
 r - a +0 cloak (worn)
 y - a +2 robe of magic resistance (worn)
 L - the +1 leather armour "Sow Epe" {rC- Regen+ Int+8 Dex-5}

   It affects your intelligence (+8).
   It affects your dexterity (-5).
   It makes you vulnerable to cold.
   It increases your rate of regeneration.
 N - a +1 hat
Jewellery
 t - an uncursed ring of positive energy {unknown}
 v - an amulet of clarity (around neck)
Wands
 b - a wand of enslavement (5)
 e - a wand of slowing (21)
 s - a wand of polymorph (8)
 z - a wand of flame (11)
 D - a wand of digging (9)
 O - a wand of frost (38)
 R - a wand of fire (9)
Scrolls
 h - 4 scrolls of remove curse
 i - 3 scrolls of enchant weapon
 n - a scroll of identify
 u - 2 scrolls of magic mapping
 x - a scroll of blinking {unknown}
 C - 2 scrolls of fog {unknown}
 F - 5 scrolls of teleportation
 G - a scroll of recharging {unknown}
 H - a scroll of immolation {unknown}
 J - a scroll of vulnerability {unknown}
Potions
 j - 4 potions of brilliance {unknown}
 l - a potion of flight
 m - 4 potions of curing
 o - a potion of poison {unknown}
 w - 3 potions of lignification {unknown}
 B - 2 potions of heal wounds {unknown}
 P - a potion of ambrosia {unknown}
 S - a potion of invisibility {unknown}
Books
 c - a book of Maledictions
Miscellaneous
 Q - a lamp of fire
Comestibles
 d - 6 bread rations
 f - 5 meat rations
 g - 2 royal jellies
 p - 3 beef jerkies
 M - 7 slices of pizza
 T - 3 chunks of flesh

Dungeon Overview and Level Annotations

Branches:
Dungeon (9/15)             Temple (0/1) D:6
   Lair: D:8-11         Orc: D:9-12

Altars:
Ashenzari
Cheibriados
Dithmenos
Kikubaaqudgha
Pakellas
Ru
Vehumet
Xom
Yredelemnul
Zin
The Shining One

Shops:
D:5 *

Annotations:
D:8 Avanven's ghost, novice DrTm
D:9 Gastronok


Message History

You kill the yak!
Cheibriados thoroughly appreciates the change of pace.
Your Invocations skill increases to level 4!
Your life force feels restored.
You kill the yak!
Cheibriados thoroughly appreciates the change of pace.
You kill the yak!
Cheibriados thoroughly appreciates the change of pace.
You kill the yak!
Cheibriados appreciates the change of pace.
You feel somewhat more hungry.
Cheibriados reduces the support of your attributes as your movement quickens.
Drink which item? (? for menu, Esc to quit)
You feel very mighty all of a sudden. Gastronok bites you.
Attack whom?
Press: ? - help, Dir - move target cursor, f - Gastronok
Aim: Gastronok, wearing a runed hat (lightly wounded, covering ground quickly)
You slice Gastronok!!
Gastronok is moderately wounded.
Gastronok waves his eye-stalks in wide circles.
The air twists around and strikes you!
Attack whom?
Press: ? - help, Dir - move target cursor, f/p - Gastronok
Aim: Gastronok, wearing a runed hat (moderately wounded, covering ground quickly)
You hit Gastronok.
Gastronok is heavily wounded.
Gastronok bites you!!
Attack whom?
Press: ? - help, Dir - move target cursor, f/p - Gastronok
Aim: Gastronok, wearing a runed hat (heavily wounded, covering ground quickly)
You slice Gastronok!!
Gastronok is heavily wounded.
Gastronok bites you!!
You die...

....##############
.................#......
.P......................
...###..................
P..# #..................
.....#..................
#....#............%.....
#.._.#...........w......
#....#..........@.....#
P....#..................
...# #.........%%.......
.P.###................#.
.P...............#...##
.......#........#...##
................##.##
#..............## .#
##.......#.#.### .


You could see Gastronok.

Action                   |  1- 3 |  4- 6 |  7- 9 | 10-12 || total
-------------------------+-------+-------+-------+-------++-------
Melee: Dagger            |    79 |   217 |   408 |       ||   704
       Quarterstaff      |       |     5 |     6 |       ||    11
       Glaive            |       |       |   136 |   116 ||   252
 Cast: Confuse           |       |     9 |    29 |     2 ||    40
Invok: Slouch            |       |       |       |     3 ||     3
 Abil: Spit Poison       |    16 |    30 |    24 |     4 ||    74
  Use: Scroll            |       |     7 |     1 |     1 ||     9
       Potion            |       |       |       |     1 ||     1
 Stab: Sleeping          |     1 |     9 |    11 |     4 ||    25
       Confused          |       |     1 |    26 |     1 ||    28
       Distracted        |       |       |     2 |     4 ||     6
  Eat: Chunk             |       |    11 |    14 |     5 ||    30

Notes
Turn   | Place    | Note
--------------------------------------------------------------
     0 | D:1      | Duffy the Naga Enchanter began the quest for the Orb.
     0 | D:1      | Reached XP level 1. HP: 15/15 MP: 3/3
   153 | D:1      | Reached XP level 2. HP: 11/22 MP: 5/5
   369 | D:2      | Noticed Ijyb
   386 | D:2      | Killed Ijyb
   386 | D:2      | Reached skill level 2 in Short Blades
   386 | D:2      | Reached skill level 5 in Stealth
   386 | D:2      | Reached XP level 3. HP: 26/28 MP: 6/6
   728 | D:2      | Reached skill level 6 in Stealth
   796 | D:2      | Noticed Robin
   814 | D:2      | Killed Robin
   814 | D:2      | Reached XP level 4. HP: 23/36 MP: 7/7
  1078 | D:2      | Learned a level 3 spell: Confuse
  1082 | D:2      | Learned a level 3 spell: Tukima's Dance
  1204 | D:2      | Found a glowing golden altar of the Shining One.
  1913 | D:2      | You fall through a shaft!
  2055 | D:3      | Reached skill level 1 in Fighting
  2130 | D:3      | Reached XP level 5. HP: 34/44 MP: 8/8
  2454 | D:2      | Found a shadowy altar of Dithmenos.
  2630 | D:3      | Found a glowing silver altar of Zin.
  2648 | D:3      | Found a snail-covered altar of Cheibriados.
  2677 | D:3      | Became a worshipper of Cheibriados the Contemplative
  3227 | D:4      | Reached skill level 2 in Fighting
  3227 | D:4      | Reached skill level 4 in Hexes
  3437 | D:4      | Reached XP level 6. HP: 53/55 MP: 9/9
  3474 | D:4      | Reached * piety under Cheibriados
  3739 | D:4      | Found a shattered altar of Ashenzari.
  3752 | D:4      | Reached skill level 5 in Hexes
  3856 | D:5      | Entered Level 5 of the Dungeon
  4046 | D:4      | Noticed Grinder
  4059 | D:4      | Killed Grinder
  4059 | D:4      | Reached skill level 6 in Hexes
  4059 | D:4      | Reached XP level 7. HP: 32/61 MP: 10/10
  4251 | D:4      | Reached skill level 7 in Hexes
  4481 | D:4      | Noticed Blork the orc
  4498 | D:4      | Killed Blork the orc
  4618 | D:3      | Reached ** piety under Cheibriados
  4952 | D:3      | Found an oddly glowing altar of Pakellas.
  4965 | D:3      | Found a sacrificial altar of Ru.
  5179 | D:3      | Found a basalt altar of Yredelemnul.
  5347 | D:3      | Reached skill level 3 in Fighting
  5347 | D:3      | Reached skill level 2 in Dodging
  5347 | D:3      | Reached XP level 8. HP: 54/69 MP: 5/11
  5988 | D:5      | Found Woingem's General Store.
  5988 | D:5      | Noticed Pikel
  6072 | D:5      | Noticed Duvessa
  6076 | D:5      | Noticed Dowan
  6111 | D:4      | Reached *** piety under Cheibriados
  6162 | D:5      | Found a radiant altar of Vehumet.
  6258 | D:4      | Killed Dowan
  6270 | D:4      | Killed Duvessa
  6270 | D:4      | Reached skill level 4 in Fighting
  6270 | D:4      | Reached skill level 3 in Dodging
  6565 | D:5      | Bought a potion of might for 48 gold pieces
  6650 | D:4      | Killed Pikel
  6650 | D:4      | Reached skill level 5 in Fighting
  6650 | D:4      | Reached skill level 4 in Dodging
  6688 | D:4      | Reached XP level 9. HP: 59/82 MP: 6/12
  7078 | D:5      | Reached skill level 6 in Fighting
  7562 | D:5      | Reached **** piety under Cheibriados
  7951 | D:6      | Reached skill level 5 in Dodging
  8383 | D:7      | Reached skill level 1 in Polearms
  8389 | D:7      | Reached skill level 2 in Polearms
  8523 | D:7      | Reached skill level 7 in Fighting
  8523 | D:7      | Reached skill level 3 in Polearms
  8526 | D:7      | Reached ***** piety under Cheibriados
  8876 | D:7      | Got a dazzling leather armour
  8887 | D:7      | Identified the +1 leather armour "Sow Epe" {rC- Regen+ Int+8 Dex-5} (You took it off an orc on level 7 of the Dungeon)
  8921 | D:7      | Reached skill level 4 in Polearms
  9586 | D:6      | Reached XP level 10. HP: 13/94 MP: 13/13
  9970 | D:6      | Reached skill level 1 in Invocations
 10136 | D:6      | Found a staircase to the Ecumenical Temple.
 10140 | D:6      | Reached skill level 5 in Polearms
 10219 | D:6      | Reached skill level 2 in Invocations
 10372 | D:6      | Found a shimmering altar of Xom.
 10976 | D:8      | Reached skill level 3 in Invocations
 10980 | D:8      | Noticed Avanven's ghost (novice DrTm)
 11434 | D:9      | Found an ancient bone altar of Kikubaaqudgha.
 11521 | D:9      | Noticed Gastronok
 11525 | D:9      | Reached skill level 6 in Polearms
 11525 | D:9      | Reached skill level 4 in Invocations
 11530 | D:9      | Slain by Gastronok

Vault maps used:
D:1:      scummos_arrival_star
D:2:      tso_altar, lemuel_doored_altar, uniq_iyjb, uniq_robin
D:3:      lemuel_crystal_altar, lemuel_zombie_altar_yredelemnul,
          cheibriados_altar_wand_db, amethyst_overflow_temple_binary
D:4:      cheibrodos_ashenzari_chains, first_bread, minmay_gold_behind_fungi,
          uniq_grinder, uniq_blork_the_orc
D:5:      vehumet_crystals, serial_shops, shop, serial_curves, eino_curves_04,
          eino_curves_02, uniq_duvessa, uniq_pikel
D:6:      temple_fountains, xom_teletrap_fun
D:7:      gup_ossuary_entry_pyramid, grunt_livestock
D:8:      kennysheep_mini_moat, kennysheep_little_box
D:9:      minmay_cut_squares, lemuel_coloured_pillars_altar,
          kiku_gazebo_garden_becter, makhleb_grotto_becter, serial_shops, shop,
          uniq_gastronok

Vanquished Creatures
  Pikel Grinder
  A human
  6 yaks
  2 hogs Duvessa
  A slave
  A water moccasin
  2 orc warriors
  2 black bears
  A centaur
  3 ogres Blork the orc
  4 giant frogs
  2 water moccasin zombies
  A gnoll sergeant Dowan
  3 scorpions
  4 crimson imps
  A centaur zombie
  4 orc priests
  3 hounds Ijyb
  2 jellies
  3 giant frog skeletons
  10 orc wizards
  5 worker ants
  3 iguanas
  A sheep
  A hound zombie
  2 hound skeletons
  A mummy
  2 worker ant zombies
  15 gnolls Robin
  2 shadow imps
  12 adders
  An ooze
  An adder zombie
  An adder skeleton
  A worm
  6 giant geckos
  40 orcs
  3 giant cockroaches
  14 hobgoblins
  10 kobolds
  3 quokkas
  5 bats
  2 giant cockroach zombies
  8 giant newts
  2 gnoll zombies
  14 goblins
  19 jackals
  2 jackal skeletons
  8 rats
  A fungus
248 creatures vanquished.
